 Dungeon Crawl Stone Soup version 0.29.1-12-g30fa7ad0bf (webtiles) character file.

Game seed: 3985618028906578454

302 arthad the Trooper (level 6, -6/40 HPs)
             Began as a Gargoyle Fighter on Dec 15, 2022.
             Mangled by an ogre
             ... wielding a +0 giant spiked club
              (28 damage)
             ... on level 3 of the Dungeon.
             The game lasted 00:06:20 (2731 turns).

arthad the Trooper (Gargoyle Fighter)               Turns: 2731, Time: 00:06:20

Health: -6/40      AC: 19    Str: 19 (21) XL:     6   Next: 37%
Magic:  5/5        EV:  7    Int:  6 (9)  God:
Gold:   193        SH:  5    Dex:  8 (9)  Spells: 5/5 levels left

rFire   . . .      SeeInvis .   m - +0 dagger (elec)
rCold   . . .      Faith    .   c - +1 buckler
rNeg    + + .      Spirit   .   i - +2 chain mail {rN+}
rPois   ∞          Reflect  .   t - +0 helmet
rElec   +          Harm     .   (no cloak)
rCorr   +          Rampage  .   g - +0 pair of gloves
Will    .....                   (no boots)
Stlth   ..........              k - amulet of regeneration
HPRegen 0.93/turn               o - ring of resist corrosion
MPRegen 0.09/turn               (no ring)

@: flying
A: sickness immunity, AC +4, negative energy resistance 1, electricity
resistance, torment resistance 1, petrification resistance, claws 1, low MP 1,
shaggy fur 1, wild magic 1
a: no special abilities


You were on level 3 of the Dungeon.
You visited 1 branch of the dungeon, and saw 4 of its levels.

You collected 193 gold pieces.

Inventory:

Hand Weapons
 a - a +0 flail
 h - a +1 dagger of venom
 m - a +0 dagger of electrocution (weapon)
Armour
 b - a +0 scale mail
 c - a +1 buckler (worn)
 f - a +0 plate armour
 g - a +0 pair of gloves (worn)
 i - a +2 chain mail of positive energy (worn)
 t - a +0 helmet (worn)
Jewellery
 k - an amulet of regeneration (around neck)
 n - an amulet of guardian spirit
 o - a ring of resist corrosion (left hand)
Scrolls
 j - a scroll of identify
Potions
 l - a potion of brilliance
 u - a potion of mutation


   Skills:
 * Level 5.1 Fighting
 * Level 4.1 Maces & Flails
 + Level 4.2 Armour
 + Level 4.3 Shields


You had 5 spell levels left.
You didn't know any spells.
Your spell library was empty.

Dungeon Overview and Level Annotations

Branches:
Dungeon (4/15)
 Temple: D:4-7

Altars:
Nemelex Xobeh

Shops:
D:3 :


Innate Abilities, Weirdness & Mutations

You are immune to sickness and miasma.
Your stone body is resilient. (AC +4)
You are immune to poison.
You resist negative energy. (rN+)
You are resistant to electric shocks. (rElec)
You are resistant to unholy torment.
You are immune to petrification.
You have sharp fingernails.
Your magical capacity is low. (-10% MP)
You are covered in fur. (AC +1)
Your spells are a little harder to cast, but a little more powerful.


Message History

You are too injured to fight recklessly!
You are too injured to fight recklessly!
You are too injured to fight recklessly!
You are too injured to fight recklessly!
You are too injured to fight recklessly!
You are too injured to fight recklessly!
You are too injured to fight recklessly!
You are too injured to fight recklessly!
You are too injured to fight recklessly!
You are too injured to fight recklessly!
You are too injured to fight recklessly!
Unknown command.
The howler monkey hoots and howls with incredible vigour!
You climb upwards.
There is a stone staircase leading down here.
Okay, then.
It was a potion of degeneration.
There was something very wrong with that liquid.
You feel weakened.
You feel dopey.
You feel clumsy. You block the ogre's attack.
It was a potion of flight.
You feel very buoyant.
You fly up into the air.
You block the ogre's attack.
It was a potion of mutation.
You feel extremely strange.
You feel less energetic.
You feel less in control of your magic. Fur sprouts all over your body.
Your fingernails lengthen.
It was a potion of curing.
You feel better. You block the ogre's attack.
You hear the crackle of electricity.
m - a +0 dagger of electrocution (weapon)
You hit the ogre but do no damage.
The ogre is lightly wounded.
The ogre hits you with a +0 giant spiked club!
You hit the ogre. Lightning courses through the ogre!
The ogre is almost dead.
You block the ogre's attack.
You hit the ogre but do no damage.
The ogre is almost dead.
The ogre hits you with a +0 giant spiked club!!
Ouch! That really hurt!
You die...

##############
############.............
#......#@.##.############
#......#O....######
#......#..........#
#........##.......#######
#........###.............
#........# ##.....#######
########.# #.......# #.#
#.......# #.###.......#


You could see an ogre.

Vanquished Creatures
  A phantom (D:4)
  An orc priest (D:2)
  A hound (D:4)
  An iguana (D:3)
  An orc wizard (D:2)
  6 adders
  2 worms
  3 dart slugs (D:2)
  4 orcs
  8 ball pythons
  3 endoplasms
  A giant cockroach (D:2)
  4 goblins
  4 hobgoblins
  3 quokkas
  3 bats
  3 frilled lizards
  11 kobolds
  4 rats
64 creatures vanquished.

Notes
Turn   | Place    | Note
-------+----------+-------------------------------------------
     0 | D:1      | arthad the Gargoyle Fighter began the quest for the Orb.
     0 | D:1      | Reached XP level 1. HP: 14/14 MP: 1/1
   243 | D:1      | Reached XP level 2. HP: 13/19 MP: 2/2
   886 | D:2      | Reached XP level 3. HP: 9/24 MP: 3/3
  1105 | D:2      | Found a sparkling altar of Nemelex Xobeh.
  1315 | D:2      | Reached skill level 4 in Fighting
  1315 | D:2      | Reached XP level 4. HP: 29/29 MP: 4/4
  1426 | D:2      | Reached XP level 5. HP: 34/34 MP: 5/5
  2005 | D:3      | Found Koasoet's Book Shop.
  2242 | D:3      | Found a faded altar of an unknown god.
  2658 | D:4      | Noticed a phantom
  2660 | D:4      | Noticed an ogre
  2701 | D:4      | Reached XP level 6. HP: 40/40 MP: 6/6
  2719 | D:4      | Reached skill level 5 in Fighting
  2726 | D:3      | Gained mutation: Your magical capacity is low. (-10% MP)
                  | [potion of mutation]
  2726 | D:3      | Gained mutation: Your spells are a little harder to cast,
                  | but a little more powerful. [potion of mutation]
  2726 | D:3      | Gained mutation: You are covered in fur. (AC +1) [potion of
                  | mutation]
  2726 | D:3      | Gained mutation: You have sharp fingernails. [potion of
                  | mutation]
  2731 | D:3      | Mangled by an ogre

Illustrated notes

Levels and vault maps discovered:
D:1:      dpeg_arrival_simpleton_b, layout_rooms, grunt_decor_one_mirror,
          bh_walls_and_bars
D:2:      layout_loops_ring, minmay_hexomino_r4
D:3:      layout_basic, serial_shops, shop_fountains,
          ebering_ecumenical_altar_petrified
D:4:      cheibrodos_thug_alley, layout_basic, marbit_many_paths,
          nicolae_ossuary_entry_giza, minmay_ruined_shrine

Skill      XL: |  1  2  3  4  5  6 |
---------------+-------------------+-----
Fighting       | 4 5 |  5.1
Maces & Flails | 3 4 |  4.1
Shields        | 4 |  4.3
Armour         | 4 |  4.2

Action                   |  1- 3 |  4- 6 || total
-------------------------+-------+-------++-------
Melee: Flail             |    87 |   185 ||   272
       Dagger            |       |     3 ||     3
  Use: Scroll            |       |     3 ||     3
       Potion            |       |     5 ||     5
Armor: Scale mail        |    28 |       ||    28
       Chain mail        |    42 |   127 ||   169
Dodge: Dodged            |    52 |    60 ||   112
Block: Buckler           |    19 |    43 ||    62
